Map: Pillars of Gold LE

Players

Denver

  • Race: Zerg Zerg
  • League: Master
  • Spawn Location: 1:00

LiquidClem (Clem) - Winner!

  • Race: Terran Terran
  • League: Master
  • Spawn Location: 7:00

Event: DreamHack SC2 Masters 2020 Summer Europe

VOD

Have the link to the VOD?

Description

Time

  • Played on: June 24, 2020, 1:45 p.m.
  • Length: 12:18

All games in this series

Show
View Real Time Build Order
Export as new Build Order

Denver Zerg 

Build Orders: Hatch First 

Get SALT Encoding   

  12  0:00  Drone  
  13  0:13  Overlord  
  13  0:17  Drone  
  14  0:31  Drone x2  
  16  0:50  Hatchery  
  16  0:53  Drone  
  16  0:57  Drone  
  16  1:01  Drone  
  18  1:10  Extractor  
  17  1:18  Spawning Pool  
  16  1:21  Drone  
  17  1:26  Drone  
  17  1:29  Drone  
  19  1:39  Drone  
  20  1:50  Drone  
  21  2:05  Zergling x2, Queen x2  
  21  2:06  Zergling x2  
  27  2:12  Metabolic Boost  
  27  2:15  Overlord  
  27  2:18  Drone  
  28  2:33  Drone x3  
  31  2:37  Overlord  
  30  2:44  Queen  
  30  2:48  Overlord  
  32  2:51  Drone  
  32  2:54  Drone  
  34  3:00  Queen  
  34  3:04  Drone  
  37  3:09  Drone x2  
  39  3:15  Drone x2  
  39  3:17  Drone  
  42  3:23  Lair  
  42  3:28  Extractor  
  42  3:31  Evolution Chamber, Drone x2  
  42  3:37  Drone x2  
  44  3:48  Hatchery  
  44  3:50  Drone  
  44  3:51  Drone  
  44  3:55  Zergling x4  
  47  4:01  Zerg Ground Armor Level 1  
  47  4:07  Roach Warren  
  46  4:12  Drone x2  
  46  4:15  Overlord  
  48  4:18  Extractor  
  48  4:19  Drone x2  
  48  4:21  Drone  
  50  4:27  Overlord  
  50  4:38  Overlord  
  50  4:47  Glial Reconstitution  
  50  4:50  Roach  
  50  4:51  Roach x5  
  62  4:59  Roach x3  
  68  5:05  Roach x2  
  71  5:17  Roach x4  
  70  5:25  Drone x5  
  73  5:33  Roach x3  
  79  5:35  Ravager  
  79  5:39  Overlord  
  79  5:42  Drone x2  
  82  5:49  Extractor  
  81  5:51  Overlord  
  81  5:52  Evolution Chamber  
  81  5:54  Ravager  
  81  5:55  Ravager  
  82  6:00  Drone x6  
  82  6:03  Drone  
  82  6:04  Drone  
  90  6:10  Overseer  
  90  6:14  Drone x5  
  90  6:18  Overlord  
  95  6:29  Zerg Ground Armor Level 2  
  95  6:30  Zerg Missile Weapons Level 1  
  95  6:31  Drone x2  
  97  6:34  Extractor x2  
  97  6:36  Spore Crawler  
  97  6:37  Overseer  
  97  6:39  Overlord  
  94  6:41  Drone x2  
  94  6:43  Drone  
  94  6:44  Drone  
  98  6:48  Drone x3  
  98  6:49  Drone  
  98  6:54  Overlord  
  102  7:00  Hatchery  
  101  7:05  Overlord  
  101  7:07  Drone x4  
  105  7:12  Spore Crawler  
  105  7:13  Ravager  
  105  7:15  Ravager  
  106  7:19  Roach x4  
  116  7:23  Roach x2  
  116  7:25  Overlord  
  116  7:29  Roach  
  128  7:30  Roach x4  
  125  7:43  Overseer  
  121  7:46  Drone  
  121  7:47  Drone x5  
  121  7:50  Hatchery, Overseer  
  128  7:51  Roach x2  
  128  7:57  Roach x3  
  136  7:59  Overlord  
  136  8:02  Overlord  
  136  8:04  Overlord  
  136  8:06  Ravager  
  136  8:07  Ravager  
  136  8:09  Overlord  
  136  8:11  Overlord  
  138  8:13  Overlord  
  138  8:21  Roach x4  
  146  8:29  Roach x5  
  156  8:34  Ravager  
  156  8:35  Ravager x2  
  156  8:36  Roach x2  
  156  8:38  Overlord x2  
  163  8:45  Roach x4  
  163  8:46  Ravager  
  163  8:47  Ravager x2  
  174  8:51  Roach x2  
  178  8:59  Roach x5  
  178  9:01  Overseer  
  189  9:04  Hatchery  
  186  9:10  Roach x3  
  192  9:25  Overlord  
  192  9:30  Overlord  
  175  9:32  Overlord  
  175  9:37  Roach  
  175  9:38  Roach x4, Overseer  
  163  9:48  Roach x2  
  163  9:52  Queen  
  154  9:55  Roach x3  
  154  9:57  Hatchery  
  154  9:59  Roach  
  139  10:08  Roach x2  
  139  10:12  Queen, Roach x2  
  116  10:21  Roach x2  
  116  10:25  Roach x5  
  124  10:33  Roach  
  126  10:38  Roach x2  
  126  10:39  Ravager  
  126  10:40  Ravager x3  
  134  10:45  Roach x3  
  134  10:49  Roach x2  
  146  10:50  Roach  
  146  10:55  Roach x3  
  152  11:00  Roach x3, Overseer  
  152  11:01  Burrow  
  158  11:06  Roach x3  
  158  11:07  Ravager x3  
  169  11:11  Roach x3  
  173  11:19  Overseer  
  173  11:23  Roach x5  
  183  11:30  Roach x4  
  169  11:42  Roach x7  
  169  11:43  Overseer  
  155  11:49  Roach  
  155  11:50  Roach x3  
  139  11:55  Roach x2  
  139  11:57  Roach  
Show
View Real Time Build Order
Export as new Build Order

LiquidClem Terran - Winner!

Build Orders: Liberator Opening 

Get SALT Encoding   

  12  0:00  SCV  
  13  0:12  SCV  
  14  0:17  Supply Depot  
  14  0:25  SCV  
  15  0:30  Refinery  
  15  0:39  SCV  
  16  0:45  Barracks  
  16  0:51  SCV  
  17  1:03  SCV  
  18  1:15  SCV  
  19  1:32  Reaper, Orbital Command  
  20  1:45  Command Center  
  20  1:57  Factory  
  20  2:01  SCV  
  21  2:07  Barracks Reactor  
  21  2:12  Supply Depot  
  21  2:14  SCV  
  22  2:21  Refinery  
  22  2:26  SCV  
  23  2:38  SCV  
  24  2:49  Starport  
  24  2:52  SCV  
  24  2:53  Hellion  
  24  2:54  Hellion  
  29  3:03  Orbital Command  
  29  3:05  SCV  
  30  3:16  Hellion x2  
  30  3:19  SCV  
  35  3:27  Supply Depot  
  35  3:31  Liberator  
  38  3:36  SCV x2  
  38  3:39  Barracks Tech Lab  
  40  3:43  Hellion  
  40  3:46  Hellion  
  44  3:49  SCV  
  44  3:50  SCV  
  44  3:55  Supply Depot  
  46  4:00  Stimpack  
  46  4:02  SCV x2  
  48  4:08  Hellion  
  50  4:11  Armory  
  50  4:15  Hellion  
  50  4:16  SCV  
  53  4:18  SCV  
  53  4:22  Supply Depot  
  54  4:26  Marine  
  54  4:27  Starport Reactor  
  54  4:30  SCV x2  
  57  4:42  SCV  
  57  4:43  SCV  
  59  4:45  Factory Tech Lab  
  59  4:48  Command Center  
  59  4:52  Marine  
  59  4:54  SCV  
  59  4:59  Barracks  
  61  5:03  SCV  
  61  5:05  Barracks  
  61  5:07  SCV  
  63  5:13  Siege Tank  
  62  5:15  SCV  
  62  5:19  SCV  
  56  5:25  Marauder  
  56  5:27  SCV  
  51  5:30  Bunker  
  51  5:31  SCV  
  51  5:33  Supply Depot  
  52  5:36  Bunker  
  52  5:37  Starport Reactor  
  52  5:39  SCV  
  52  5:40  Engineering Bay  
  52  5:41  Engineering Bay  
  53  5:45  Siege Tank  
  53  5:46  Marine  
  53  5:47  Marine x2  
  59  5:50  SCV  
  59  5:51  SCV  
  59  5:55  Supply Depot  
  61  5:58  Refinery  
  61  5:59  Refinery  
  61  6:02  Combat Shield  
  61  6:04  Marine  
  61  6:05  Marine x2  
  61  6:07  Marine x2  
  61  6:09  SCV  
  67  6:13  Supply Depot  
  67  6:17  Orbital Command  
  67  6:20  Medivac  
  67  6:23  Siege Tank  
  67  6:24  Marine  
  73  6:26  SCV  
  73  6:27  Marine  
  73  6:29  Marine  
  73  6:31  SCV  
  77  6:34  Marine x2  
  77  6:38  Medivac  
  81  6:42  Marine  
  81  6:44  Terran Infantry Weapons Level 1, Terran Infantry Armor Level 1  
  81  6:46  Orbital Command  
  82  6:49  Marine x2  
  82  6:51  Supply Depot  
  84  6:56  Supply Depot  
  84  6:58  Orbital Command  
  84  6:59  SCV  
  85  7:07  Supply Depot  
  85  7:12  Marine x2  
  85  7:13  SCV, Medivac, Siege Tank  
  93  7:17  SCV, Marine x3  
  93  7:21  Supply Depot  
  97  7:27  Supply Depot  
  97  7:30  Medivac, Marine, Barracks  
  97  7:31  Barracks  
  97  7:34  Marine  
  97  7:35  Marine  
  102  7:43  SCV x2  
  103  7:48  Supply Depot, Siege Tank  
  103  7:49  Barracks  
  103  7:50  Barracks  
  106  7:53  Bunker, Marine x3  
  106  7:57  Medivac  
  103  7:58  SCV  
  103  8:02  Marine x2  
  103  8:04  Orbital Command  
  103  8:05  Medivac  
  107  8:07  SCV  
  107  8:10  SCV  
  107  8:11  Marine  
  107  8:12  Concussive Shells  
  111  8:19  SCV  
  111  8:20  Marine  
  111  8:21  Marauder  
  111  8:22  SCV  
  111  8:25  Marine x2  
  117  8:27  Barracks Reactor  
  117  8:31  SCV, Marine  
  119  8:34  Marine  
  119  8:36  Siege Tank  
  119  8:38  Marine x3  
  126  8:42  Marine  
  126  8:44  Supply Depot  
  126  8:45  Supply Depot  
  126  8:46  Terran Infantry Weapons Level 2  
  127  8:50  Terran Infantry Armor Level 2  
  127  8:53  Marine x2  
  127  8:54  SCV  
  128  8:59  Marine x4  
  128  9:00  Marine x2  
  131  9:03  SCV  
  131  9:09  Marine  
  130  9:10  Marine, Siege Tank  
  130  9:11  Marine x2  
  130  9:14  Supply Depot  
  130  9:16  Orbital Command, Marine x2  
  130  9:17  Terran Vehicle Weapons Level 1, Marine  
  139  9:18  Marine x2  
  139  9:19  SCV, Marauder  
  144  9:27  SCV, Marine  
  144  9:29  Marine x2  
  144  9:30  Orbital Command  
  144  9:31  SCV, Marine  
  127  9:34  Marine x2  
  127  9:36  Marine x2  
  127  9:38  Marine  
  132  9:40  Marine  
  128  9:46  Medivac x2, Marine  
  128  9:47  Marine  
  128  9:49  Marine  
  128  9:50  Marine  
  128  9:52  Marine  
  131  9:53  SCV  
  131  9:54  SCV  
  131  9:57  Marine  
  131  9:59  SCV  
  126  10:02  Marine x2  
  120  10:08  Marine  
  120  10:09  Marine  
  120  10:10  SCV, Marine  
  120  10:11  Marine  
  120  10:12  SCV  
  120  10:14  Marine  
  105  10:19  SCV  
  105  10:20  Marine x2  
  104  10:23  Marine  
  105  10:29  SCV x2  
  105  10:30  Siege Tank  
  105  10:34  Marine x3  
  105  10:35  Marine  
  114  10:36  Marine  
  114  10:37  Marine  
  114  10:42  Marine x2  
  119  10:43  Marauder, Marine  
  121  10:51  Command Center  
  121  10:54  Marine  
  121  10:55  Marine x4  
  126  11:02  Marine x3  
  131  11:04  Marauder  
  131  11:07  Sensor Tower  
  131  11:11  Factory  
  131  11:17  Marine x2  
  133  11:21  Siege Tank  
  133  11:24  Marine  
  133  11:25  Missile Turret  
  137  11:26  Marine x3  
  137  11:28  Marauder  
  142  11:34  Marine  
  142  11:37  Marine  
  139  11:43  Marine  
  139  11:44  Marine x2  
  139  11:46  Marine  
  124  11:47  Marine  
  124  11:50  Marauder, Marine  
  124  11:51  SCV  
  124  11:52  Marine  
  121  11:58  Marine  
Tags
 
Add a new tag
Caveats
  • Supply blocks, unpowered buildings, or Contaminate may cause inaccurate times.
  • Supply counts are checked every 10 seconds.